 Dungeon Sprint DCSS version 0.30-a0-808-g6e0788376e (webtiles) character file.

Game seed: 9611993484863601229

1185 rocky1 the Stormcaller (level 8, -1/54 HPs)
             Began as a Tengu Air Elementalist on Feb 26, 2023.
             Was a Believer of Sif Muna.
             Slain by a komodo dragon (23 damage)
             ... in the Dungeon (Sprint IX: "|||||||||||||||||||||||||||||").
             The game lasted 00:03:05 (1125 turns).

rocky1 the Stormcaller (Tengu Air Elementalist)     Turns: 1125, Time: 00:03:05

Health: -1/54      AC:  2    Str:  9    XL:     8   Next: 42%
Magic:  4/20       EV: 19    Int: 18    God:    Sif Muna [**....]
Gold:   0          SH:  0    Dex: 14    Spells: 21/22 levels left

rFire   . . .      SeeInvis .    k - +4 quarterstaff (speed)
rCold   . . .      Faith    .    (shield currently unavailable)
rNeg    . . .      Spirit   .    a - +0 robe
rPois   .          Reflect  .    (helmet restricted)
rElec   .          Harm     .    (no cloak)
rCorr   .          Rampage  .    (no gloves)
Will    .....      NoTele   +    (boots unavailable)
Stlth   ++                       (no amulet)
HPRegen 0.29/turn                (no ring)
MPRegen 0.17/turn                (no ring)

@: flying quickly and evasively, invisible, quick
A: beak, talons 3, nimble flight
a: Renounce Religion, Channel Magic


You were in the Dungeon.
You worshipped Sif Muna.
Sif Muna was pleased with you.
You visited 1 branch

Inventory:

Hand Weapons
 h - a +0 club
 k - a +4 quarterstaff of speed (weapon)
 l - a +2 rapier of protection
Armour
 a - a +0 robe (worn)
 o - a +1 chain mail
Jewellery
 m - a +3 ring of intelligence
 n - a +3 ring of intelligence
Wands
 j - a wand of roots (10)
Scrolls
 i - 2 scrolls of amnesia
Potions
 b - 5 potions of magic
 c - 5 potions of curing
 d - 3 potions of heal wounds
 e - a potion of haste


   Skills:
 + Level 7.9 Fighting
 + Level 9.1 Dodging
 - Level 2.0 Stealth
 + Level 7.7 Spellcasting
 - Level 1.3 Conjurations
 * Level 15.0 Air Magic
 + Level 2.1 Invocations


You had 21 spell levels left.
You knew the following spells:

 Your Spells              Type           Power      Damage    Failure   Level
a - Shock                 Conj/Air       100%       1d9       1%          1

Your spell library contained the following spells:

 Spells                   Type           Power      Damage    Failure   Level
 Static Discharge         Conj/Air       72%        2-5/arc   1%          2
 Swiftness                Air            57%        N/A       1%          3
 Airstrike                Air            28%        2d(5-21)  1%          4


Dungeon Overview and Level Annotations

Branches:
Dungeon (1/1)

Altars:
Cheibriados
Dithmenos
Elyvilon
Fedhas
Gozag
Hepliaklqana
Kikubaaqudgha
Makhleb
Nemelex Xobeh
Okawaru
Qazlal
Ru
Sif Muna
Trog
Uskayaw
Vehumet
Wu Jian
Xom
Yredelemnul
Zin
The Shining One
Jiyva
Lugonu


Innate Abilities, Weirdness & Mutations

You have a beak for a mouth.
You have claws for feet.
Your magical nature lets you fly swiftly and evasively.


Message History

Your Dodging skill increases to level 9!
Your Air Magic skill increases to level 15!
Your Invocations skill gained 2 levels and is now at level 2!
You have reached level 8!
You feel stronger.
Aiming: Shock (safe; 1% risk of failure)
Press: ? - help, Q - select action, (/) - cycle Shift-Dir - straight line, f/p - komodo dragon
Aim: a komodo dragon (severely wounded, unable to see you, 81% to hit)
The zap misses the komodo dragon.
The zap hits the two-headed ogre.
The two-headed ogre is severely wounded.
The zap hits the cyclops.
The cyclops is heavily wounded.
The zap hits the vampire but does no damage.
The vampire is lightly damaged.
The komodo dragon completely misses you.
Aiming: Shock (safe; 1% risk of failure)
Press: ? - help, Q - select action, (/) - cycle Shift-Dir - straight line, f/p - komodo dragon
Aim: a komodo dragon (severely wounded, unable to see you, 81% to hit)
The zap hits the komodo dragon.
The komodo dragon is severely wounded.
The zap hits the two-headed ogre.
The two-headed ogre is severely wounded.
The zap hits the cyclops.
The cyclops is severely wounded.
The zap hits the vampire but does no damage.
The vampire is lightly damaged.
The komodo dragon bites you!!
Aiming: Shock (safe; 1% risk of failure)
Press: ? - help, Q - select action, (/) - cycle Shift-Dir - straight line, f/p - komodo dragon
Aim: a komodo dragon (severely wounded, unable to see you, 81% to hit)
The zap hits the komodo dragon.
The komodo dragon is almost dead.
The zap hits the two-headed ogre.
The two-headed ogre is almost dead.
The zap hits the cyclops.
The cyclops is almost dead.
The zap hits the vampire!
The vampire is heavily damaged.
The komodo dragon bites you!!
You die... ▓▓▓▓▓▓▓▓▓▓▓▓▓▓▓▓▓▓▓▓▓▓▓▓▓▓▓▓▓▓▓ gVCO.C'...VCOl@.)[[.)).'_______ ▓▓▓▓▓▓▓▓▓▓▓▓▓▓▓▓▓▓▓▓▓▓▓▓▓▓▓▓▓▓▓

You could see a two-headed ogre (unable to see you), a cyclops (unable to see you), a komodo dragon (unable to see you) and a vampire.

Vanquished Creatures
  A cyclops (D)
  A troll (D)
  A wyvern (D)
  A yak (D)
  An orc warrior (D)
  A centaur (D)
  A gnoll sergeant (D)
  A howler monkey (D)
  A jelly (D)
  A hound (D)
  An adder (D)
  An orc (D)
  A quokka (D)
  A bat (D)
  A kobold (D)
  2 rats (D)
17 creatures vanquished.

Notes
Turn   | Place    | Note
-------+----------+-------------------------------------------
     0 | D        | rocky1 the Tengu Air Elementalist began the quest for the
                  | Orb.
     0 | D        | Reached XP level 1. HP: 10/10 MP: 4/4
     9 | D        | Reached skill level 1 in Fighting
   355 | D        | Noticed a jelly
   355 | D        | Noticed a hound
   355 | D        | Noticed a howler monkey
   358 | D        | Killed a howler monkey
   359 | D        | Reached skill level 6 in Air Magic
   359 | D        | Reached XP level 2. HP: 18/18 MP: 5/7
   359 | D        | Reached XP level 3. HP: 22/22 MP: 5/8
   363 | D        | Reached skill level 7 in Air Magic
   363 | D        | Reached XP level 4. HP: 28/28 MP: 5/10
   365 | D        | Reached skill level 8 in Air Magic
   371 | D        | Reached skill level 5 in Dodging
   613 | D        | Found a snail-covered altar of Cheibriados.
   613 | D        | Found a shadowy altar of Dithmenos.
   613 | D        | Found a white marble altar of Elyvilon.
   613 | D        | Found a blossoming altar of Fedhas.
   613 | D        | Found an opulent altar of Gozag.
   614 | D        | Found a hazy altar of Hepliaklqana.
   615 | D        | Found a viscous altar of Jiyva.
   616 | D        | Found an ancient bone altar of Kikubaaqudgha.
   617 | D        | Found a corrupted altar of Lugonu.
   618 | D        | Found a burning altar of Makhleb.
   619 | D        | Found a sparkling altar of Nemelex Xobeh.
   620 | D        | Found an iron altar of Okawaru.
   621 | D        | Found a stormy altar of Qazlal.
   622 | D        | Found a sacrificial altar of Ru.
   623 | D        | Found a shimmering blue altar of Sif Muna.
   624 | D        | Found a bloodstained altar of Trog.
   625 | D        | Found a hide-covered altar of Uskayaw.
   626 | D        | Found a radiant altar of Vehumet.
   627 | D        | Found an ornate altar of the Wu Jian Council.
   628 | D        | Found a shimmering altar of Xom.
   629 | D        | Found a basalt altar of Yredelemnul.
   630 | D        | Found a glowing silver altar of Zin.
   631 | D        | Became a worshipper of Sif Muna the Loreminder
   632 | D        | Found a glowing golden altar of the Shining One.
   685 | D        | Noticed a yak
   685 | D        | Noticed a gnoll sergeant
   685 | D        | Noticed a centaur
   685 | D        | Noticed a wyvern
   685 | D        | Noticed a troll
   685 | D        | Noticed an orc warrior
   697 | D        | Killed an orc warrior
   698 | D        | Reached skill level 5 in Spellcasting
   698 | D        | Reached skill level 10 in Air Magic
   698 | D        | Gained mutation: Your magical nature lets you fly swiftly
                  | and evasively. [Tengu growth]
   698 | D        | Reached XP level 5. HP: 34/34 MP: 5/13
   773 | D        | Killed a troll
   774 | D        | Reached skill level 12 in Air Magic
   774 | D        | Reached XP level 6. HP: 41/41 MP: 6/16
   775 | D        | Reached * piety under Sif Muna
   776 | D        | Reached XP level 7. HP: 44/47 MP: 5/17
   776 | D        | Killed a wyvern
   777 | D        | Reached skill level 13 in Air Magic
   781 | D        | Killed a yak
   782 | D        | Reached skill level 14 in Air Magic
   784 | D        | Reached ** piety under Sif Muna
  1107 | D        | Noticed a vampire
  1107 | D        | Noticed a cyclops
  1107 | D        | Noticed a two-headed ogre
  1107 | D        | Noticed a cyclops
  1107 | D        | Noticed a komodo dragon
  1122 | D        | Killed a cyclops
  1123 | D        | Reached skill level 15 in Air Magic
  1123 | D        | Reached XP level 8. HP: 45/54 MP: 7/20
  1125 | D        | Slain by a komodo dragon

Illustrated notes

Levels and vault maps discovered:
D:        linesprint [early_d, line_temple, items_1, d_10, items_2, lair_1,
          lair_end, items_3, orc_1, orc_end, items_4, d_15, swamp_1, shoals_1,
          snake_1, spider_1, d_20, vaults_1, items_5, swamp_end, shoals_end,
          snake_end, spider_end, vaults_end, d_27, items_6, zot_1, zot_end,
          crypt_end, forest_end, elf_end, slime_end, tomb_end, abyss_end,
          pan_hell_end]

Skill      XL: |  1  2  3  4  5  6  7 |
---------------+----------------------+-----
Fighting       | 2 3 4 6 7 |  7.9
Dodging        | 3 4 6 7 9 |  9.1
Spellcasting   | 3 5 6 7 |  7.7
Air Magic      | 6 7 10 12 15 | 15.0
Invocations    | 2 |  2.1
Stealth        | |  2.0
Conjurations   | |  1.3

Action                     |  1- 3 |  4- 6 |  7- 9 || total
---------------------------+-------+-------+-------++-------
  Melee: Club              |     6 |     7 |       ||    13
         Peck              |     2 |     2 |       ||     4
         Unarmed           |     1 |       |       ||     1
         Kick              |     1 |     3 |       ||     4
         Quarterstaff      |       |     2 |     2 ||     4
   Cast: Shock             |     4 |    17 |    22 ||    43
    Use: Potion            |     1 |       |     1 ||     2
         Scroll            |       |     1 |     1 ||     2
 Armour: Robe              |     3 |     2 |       ||     5
  Dodge: Dodged            |     5 |    18 |     8 ||    31

Table legend: (Time is in decaauts)
 A = Elapsed time spent in this place.
 B = Non-inter-level travel time spent in this place.
 C = Inter-level travel time spent in this place.
 D = Time resting spent in this place.
 E = Time spent auto-exploring this place.
 F = Levels seen in this place.
 G = Mean time per level.
                   A        B        C        D        E       F      G
               +--------+--------+--------+--------+--------+-----+--------+
         Total |   1129 |   1129 |      0 |    946 |      0 |   1 | 1129.0 |
       Dungeon |   1129 |   1129 |      0 |    946 |      0 |   1 | 1129.0 |
               +--------+--------+--------+--------+--------+-----+--------+

Top non-repeatable levels by time:
       D: 1129 daAuts
